 Dungeon Crawl Stone Soup version 0.18.1-2-ga659475 (webtiles) character file.

198 HungrySpirit the Chiller (level 6, 0/42 HPs)
             Began as a Formicid Ice Elementalist on May 8, 2016.
             Succumbed to a worker ant's poison
             ... on level 4 of the Dungeon.
             The game lasted 00:08:11 (6655 turns).

HungrySpirit the Chiller (FoIE)                     Turns: 6655, Time: 00:08:12

Health: 0/42       AC:  9    Str: 11 (14) XL:     6   Next: 5%
Magic:  9/9        EV:  9    Int: 14 (15) God:
Gold:   103        SH:  0    Dex: 15 (16) Spells: 1 memorised, 8 levels left

rFire  . . .     SeeInvis +     i - -1 spear (curse)
rCold  . . .     Gourm    .     r - +0 scale mail
rNeg   . . .     Faith    .     (no shield)
rPois  .         Spirit   .     (helmet unavailable)
rElec  .         Dismiss  .     a - +1 cloak
rCorr  .         Reflect  .     (no gloves)
SustAt .         Harm     .     l - +0 pair of boots
MR     .....                    u - amulet of inaccuracy (curse)
Stlth  +.........               (no ring)
                                f - +5 ring of dexterity

@: lethally poisoned (0 -> -3), flying, not resistant to hostile enchantments,
very unstealthy
A: permanent stasis, dig shafts and tunnels, four strong arms, antennae 3
a: Dig, Shaft Self


You were on level 4 of the Dungeon.
You were hungry.

You visited 1 branch of the dungeon, and saw 4 of its levels.

You collected 103 gold pieces.

Inventory:

Hand Weapons
 d - a +0 club
 i - a cursed -1 spear (weapon)
 j - a +0 whip of freezing
 s - a +0 spear
Armour
 a - a +1 cloak (worn)
 l - a +0 pair of boots (worn)
 r - a +0 scale mail (worn)
Jewellery
 f - a +5 ring of dexterity (left hand)
 u - a cursed amulet of inaccuracy (around neck)
Scrolls
 e - 3 scrolls of identify
 g - 3 scrolls of magic mapping
 t - a scroll of enchant armour
Potions
 p - 2 potions of degeneration
Books
 b - a book of Frost

   Spells                             Type                      Level
   a - Freeze                         Ice                          1
   b - Throw Frost                    Conjuration/Ice              2
   c - Ozocubu's Armour               Charms/Ice                   3
   d - Throw Icicle                   Conjuration/Ice              4
   e - Summon Ice Beast               Ice/Summoning                4
 x - an Akashic Record

   Spells                             Type                      Level
   a - Dispersal                      Translocation                6
   b - Malign Gateway                 Summoning/Translocation      7
   c - Disjunction                    Translocation                8
   d - Controlled Blink               Translocation                8
 y - a book of Misfortune

   Spells                             Type                      Level
   a - Confusing Touch                Hexes                        2
   b - Confuse                        Hexes                        3
   c - Gell's Gravitas                Hexes/Translocation          3
   d - Petrify                        Transmutation/Earth          4
   e - Metabolic Englaciation         Hexes/Ice                    5
   f - Yara's Violent Unravelling     Hexes/Transmutation          5
Comestibles
 c - 3 bread rations
 h - 2 meat rations
 k - 3 beef jerkies
 m - 2 chunks of flesh
 n - a royal jelly
 w - 2 fruits


   Skills:
 - Level 0.7 Fighting
 * Level 4.1 Maces & Flails
 - Level 0.2 Polearms
 - Level 1.7 Dodging
 - Level 2.4 Stealth
 - Level 2.1 Spellcasting
   Level 0.8 Conjurations
 + Level 4.2 Ice Magic


You had 8 spell levels left.
You knew the following spells:

 Your Spells              Type           Power        Failure   Level  Hunger
a - Freeze                Ice            ##..         30%         1    #......


Dungeon Overview and Level Annotations

Branches:
Dungeon (4/15)
 Temple: D:4-7

Altars:
Dithmenos
Trog


Innate Abilities, Weirdness & Mutations

You are under a permanent stasis effect.
You can dig through walls and to a lower floor.
Your four strong arms can wield two-handed weapons with a shield.
You have a pair of large antennae on your head (SInv).


Message History

The jackal barely misses you.
Unknown command.
You barely miss the jackal.
* * * LOW HITPOINT WARNING * * *
You feel sick. The jackal misses you. The jackal closely misses you.
The jackal bites you but does no damage.
Unknown command.
You hit the jackal but do no damage. The jackal closely misses you. x2
The jackal bites you but does no damage.
Unknown command.
You are too injured to fight recklessly!
Unknown command.
You are too injured to fight recklessly!
Unknown command.
You are too injured to fight recklessly!
Unknown command.
You are too injured to fight recklessly!
Unknown command.
You miss the jackal.
You die...

##.......<..#
#...........#
#...(.##....#
#....##....#
..##....##....#
.......<......#
#....##....##....#
##....##....##....#
.... #.....{#@...#
... #......hh...# .
#.#######..##....#
<###.##.####..#######
.....#.........#
.....'.......a.#
..#..###'###..#######
#.#####..###........#
.. #.........#....#


You could see 2 jackals.

Vanquished Creatures
  A giant frog skeleton (D:1)
  A gnoll (D:2)
  6 adders
  A worm (D:2)
  4 dart slugs
  A giant gecko (D:1)
  3 orcs
  5 giant cockroaches
  12 goblins
  10 hobgoblins
  8 jackals
  15 kobolds
  A quokka (D:2)
  A ball python (D:1)
  5 bats
  10 giant newts
  7 rats
91 creatures vanquished.

Notes
Turn   | Place    | Note
--------------------------------------------------------------
     0 | D:1      | HungrySpirit the Formicid Ice Elementalist began the quest for the Orb.
     0 | D:1      | Reached XP level 1. HP: 13/13 MP: 3/3
   491 | D:1      | Reached XP level 2. HP: 16/20 MP: 5/5
   705 | D:1      | Reached skill level 1 in Maces & Flails
  1181 | D:1      | Reached XP level 3. HP: 13/25 MP: 6/6
  2440 | D:1      | Reached XP level 4. HP: 4/31 MP: 5/7
  3390 | D:2      | Found a bloodstained altar of Trog.
  3512 | D:2      | Reached XP level 5. HP: 13/36 MP: 6/8
  5617 | D:3      | Found a shadowy altar of Dithmenos.
  6456 | D:3      | Reached XP level 6. HP: 31/42 MP: 9/9
  6649 | D:4      | HP: 2/42 [poisoned by a worker ant]
  6655 | D:4      | Succumbed to a worker ant's poison

Skill      XL: |  1  2  3  4  5 |
---------------+----------------+-----
Maces & Flails | 1 2 3 4 |  4.1
Ice Magic      | 4 |  4.2
Fighting       | |  0.7
Polearms       | |  0.2
Dodging        | |  1.7
Stealth        | |  2.4
Spellcasting   | |  2.1
Conjurations   | |  0.8

Action                   |  1- 3 |  4- 6 || total
-------------------------+-------+-------++-------
Melee: Unarmed           |    13 |       ||    13
       Club              |   125 |       ||   125
       Spear             |    29 |   365 ||   394
 Cast: Freeze            |    13 |     5 ||    18
  Use: Scroll            |     3 |     4 ||     7
       Potion            |       |     6 ||     6
 Stab: Sleeping          |     5 |     6 ||    11
  Eat: Chunk             |     5 |    11 ||    16
       Fruit             |       |     1 ||     1
       Pizza             |       |     1 ||     1
Armor: Robe              |    37 |    31 ||    68
       Scale mail        |       |   115 ||   115
Dodge: Dodged            |   144 |   225 ||   369
